 Dungeon Crawl Stone Soup version 0.31-a0-1447-g87ca8d402b (webtiles) character file.

Game seed: 2290224385169078507

65 Curundu the Chopper (level 3, 0/34 HPs)
             Began as a Minotaur Berserker on Dec 28, 2023.
             Was a Believer of Trog.
             Killed from afar by Natasha (7 damage)
             ... with a magic dart
             ... on level 2 of the Dungeon.
             The game lasted 00:03:44 (1272 turns).

Curundu the Chopper (Minotaur Berserker)            Turns: 1272, Time: 00:03:44

Health: 0/34       AC:  0    Str: 23    XL:     3   Next: 94%
Magic:  2/2        EV: 19    Int:  4    God:    Trog [**....]
Gold:   85         SH:  0    Dex: 14    Spells: 2/2 levels left

rFire   . . .        i - melded +3 dagger
rCold   . . .        (shield currently unavailable)
rNeg    . . .        b - melded +0 animal skin
rPois   .            (helmet currently unavailable)
rElec   .            (cloak currently unavailable)
rCorr   .            (gloves currently unavailable)
SInv    .            (boots currently unavailable)
Will    .....        (no amulet)
Stlth   +            (ring currently unavailable)
HPRegen 0.25/turn    (ring currently unavailable)
MPRegen 0.08/turn

%: no passive effects
@: bat-form, flying, very quick
A: fast, flying, no casting, tiny, (horns 2), (retaliatory headbutt)
a: Renounce Religion, Berserk, Trog's Hand


You were on level 2 of the Dungeon.
You worshipped Trog.
Trog was pleased with you.
You were a bat.
You visited 1 branch of the dungeon, and saw 2 of its levels.

You collected 85 gold pieces.

Inventory:

Hand Weapons
 a - a +0 hand axe
 i - a +3 dagger (melded)
Missiles
 f - 6 poisoned darts
Armour
 b - a +0 animal skin (melded)
Scrolls
 d - a scroll of teleportation {unknown}
 e - 2 scrolls of identify {unknown}
 g - a scroll of revelation {unknown}
 h - a scroll of fog {unknown}
Potions
 c - a potion of heal wounds {unknown}


   Skills:
 + Level 4.5 Fighting
 + Level 4.7 Axes
 + Level 2.8 Armour
 + Level 2.5 Dodging


You had 2 spell levels left.
You didn't know any spells.
Your spell library was empty.

Dungeon Overview and Level Annotations

Branches:
Dungeon (2/15)

Altars:

Annotations:
D:2 Natasha


Innate Abilities, Weirdness & Mutations

You are a bat.
You are tiny and dextrous.
You move quickly.
You are flying.
Your equipment is almost entirely melded.
You are incapable of wielding weapons or throwing items.
You cannot cast spells.
((You have a pair of horns on your head.))
((You reflexively headbutt those who attack you in melee.))


Message History

You barely miss Natasha.
Natasha is severely wounded.
Natasha closely misses you.
You barely miss Natasha.
Natasha is severely wounded.
Natasha claws you.
You barely miss Natasha.
Natasha is severely wounded.
Natasha misses you.
You barely miss Natasha.
Natasha is severely wounded.
Natasha casts a spell.
You barely miss Natasha.
Natasha is severely wounded.
Natasha casts a spell.
The cerulean imp completely misses you.
You hit Natasha.
Natasha is severely wounded.
Natasha closely misses you.
You barely miss Natasha.
Natasha is severely wounded.
The cerulean imp closely misses you. x2; Natasha barely misses you.
You closely miss Natasha.
Natasha is severely wounded.
The cerulean imp completely misses you. The cerulean imp barely misses you.
Natasha misses you.
You closely miss Natasha.
Natasha is severely wounded.
The cerulean imp hits you with a +2 spear!
The cerulean imp misses you. Natasha claws you!
* * * LOW HITPOINT WARNING * * *
You closely miss Natasha.
Natasha is severely wounded.
The cerulean imp closely misses you. The cerulean imp completely misses you.
You hit Natasha.
Natasha is severely wounded.
Natasha casts a spell at you. The magic dart hits you!
You die...
Natasha curls up and begins to purr.

#..#....
#.#####.#####
#..#.#.. #.#
#......## ##.#
#...... ##..#####
#...# #.#......
#...########..#####
#.........>.†...#
#5.########.###....
#.b# #.# ..##
#..h5.......# .#
#.#########.. .# #.
#.# . #. #.# ## #.
#.# #. ..


You could see Natasha and 2 cerulean imps.

Vanquished Creatures
  An adder (D:2)
  3 dart slugs (D:1)
  A ball python (D:1)
  5 endoplasms (D:1)
  3 giant cockroaches (D:1)
  2 goblins
  5 hobgoblins
  5 jackals
  3 quokkas (D:1)
  7 bats
  A frilled lizard (D:1)
  6 kobolds
  2 rats (D:1)
44 creatures vanquished.

Notes
Turn   | Place    | Note
-------+----------+-------------------------------------------
     0 | D:1      | Curundu the Minotaur Berserker began the quest for the Orb.
     0 | D:1      | Reached XP level 1. HP: 19/19 MP: 0/0
    27 | D:1      | Reached XP level 2. HP: 12/27 MP: 1/1
   483 | D:1      | Reached XP level 3. HP: 34/34 MP: 2/2
   525 | D:1      | Reached ** piety under Trog
  1259 | D:2      | Noticed Natasha
  1272 | D:2      | Killed from afar by Natasha

Illustrated notes

Levels and vault maps discovered:
D:1:      sevenhm_arrival_forest_fort_large_4, layout_loops_ring
D:2:      layout_loops_ring, supply_closet_lemuel, uniq_natasha, uniq_robin

Skill      XL: |  1  2 |
---------------+-------+-----
Fighting       | 4 |  4.5
Axes           | 4 |  4.7
Armour         | |  2.8
Dodging        | |  2.5

Action                     || total
---------------------------++-------
  Melee: Hand axe          ||    85
         Headbutt          ||    12
         Punch             ||     1
         Dagger            ||    13
         Unarmed           ||    11
   Stab: Sleeping          ||     1
 Armour: Animal skin       ||    74
         Skin              ||     4
  Dodge: Dodged            ||    86

Table legend: (Time is in decaauts)
 A = Elapsed time spent in this place.
 B = Non-inter-level travel time spent in this place.
 C = Inter-level travel time spent in this place.
 D = Time resting spent in this place.
 E = Time spent auto-exploring this place.
 F = Levels seen in this place.
 G = Mean time per level.
                   A        B        C        D        E       F      G
               +--------+--------+--------+--------+--------+-----+--------+
         Total |   1278 |   1278 |      0 |      0 |    905 |   2 |  639.0 |
       Dungeon |   1278 |   1278 |      0 |      0 |    905 |   2 |  639.0 |
               +--------+--------+--------+--------+--------+-----+--------+

Top non-repeatable levels by time:
     D:1: 997 daAuts
     D:2: 281 daAuts
